 Dungeon Crawl Stone Soup version 0.16-a0-2753-g4d0de3a (webtiles) character file.

196 Fiveotanaka the Sneak (level 5, -5/42 HPs)
             Began as a Naga Fire Elementalist on Nov 27, 2014.
             Killed from afar by an orc wizard (7 damage)
             ... with a magic dart
             ... on level 4 of the Dungeon.
             The game lasted 00:12:26 (3007 turns).

Fiveotanaka the Sneak (Naga Fire Elementalist)      Turns: 3007, Time: 00:12:27

Health: -5/42      AC:  3    Str: 11    XL:     5   Next: 75%
Magic:  5/11       EV: 12    Int: 16    God:
Gold:   182        SH:  0    Dex: 11    Spells: 4 memorised, 1 level left

rFire  . . .     SeeInvis +     g - +0 club
rCold  . . .     Clarity  .     j - +0 robe {MR+}
rNeg   . . .     SustAb   .     (no shield)
rPois  +         Gourm    .     (no helmet)
rElec  .         Spirit   .     (no cloak)
rCorr  .         Warding  .     e - +0 pair of gloves
rMut   .         Stasis   .     (no barding)
MR     +....                    (no amulet)
Stlth  +++.......               (no ring)
                                n - +2 ring of evasion

@: very slightly contaminated, hasted (expiring), quick, somewhat resistant to
hostile enchantments, fairly stealthy
A: spit poison, see invisible, deformed body, poison resistance, slowness 2, AC
+1
a: Spit Poison


You were on level 4 of the Dungeon.
You were hungry.

You visited 1 branch of the dungeon, and saw 4 of its levels.

You collected 182 gold pieces.

Inventory:

Hand weapons
 g - a +0 club (weapon)
Missiles
 i - 123 stones (quivered)
 l - 4 poisoned needles
Armour
 e - a +0 pair of gloves (worn)
 j - a +0 robe of magic resistance (worn)
Jewellery
 n - a +2 ring of evasion (left hand)
Magical devices
 r - a wand of digging (9)
Scrolls
 p - a scroll of recharging {unknown}
 t - a scroll of fog {unknown}
 v - a scroll of enchant weapon {unknown}
 y - 2 scrolls of remove curse {unknown}
 z - a scroll of immolation {unknown}
Potions
 f - a potion of might {unknown}
 q - a potion of curing {unknown}
 s - a potion of cure mutation
 u - a potion of invisibility
 w - a potion of cancellation {unknown}
 x - 2 potions of restore abilities
Books
 b - a book of Flames

   Spells                             Type                      Level
   *Flame Tongue                      Conjuration/Fire             1
   *Throw Flame                       Conjuration/Fire             2
   *Conjure Flame                     Conjuration/Fire             3
   Inner Flame                        Hexes/Fire                   3
   *Sticky Flame                      Conjuration/Fire             4
   Fireball                           Conjuration/Fire             5
Comestibles
 a - a slice of pizza
 c - 2 bread rations
 d - a meat ration
 h - 3 fruits
 m - 2 beef jerkies


   Skills:
 - Level 1.5 Dodging
 + Level 5.0 Stealth
 - Level 3.5 Spellcasting
 + Level 3.1 Conjurations
 + Level 3.3 Fire Magic


You had one spell level left.
You knew the following spells:

 Your Spells              Type           Power        Failure   Level  Hunger
a - Flame Tongue          Conj/Fire      ##...        6%          1    None
b - Throw Flame           Conj/Fire      ##....       10%         2    ##.....
c - Conjure Flame         Conj/Fire      ##......     14%         3    ###....
d - Sticky Flame          Conj/Fire      ##......     50%         4    ####...


Dungeon Overview and Level Annotations

Branches:
Dungeon (4/15)
 Temple: D:4-7

Altars:
Fedhas
Nemelex Xobeh
Trog


Innate Abilities, Weirdness & Mutations

You cannot wear boots.
You can spit poison.
Your serpentine skin is tough (AC +1).
You have supernaturally acute eyesight.
Armour fits poorly on your strangely shaped body.
Your system is resistant to poisons.
You cover ground very slowly.


Message History

Aim: an orc wizard, wielding a dagger and wearing a robe (lightly wounded)
The splash of poison hits the orc wizard.
The orc wizard is lightly wounded.
You feel slightly more hungry.
The orc wizard mumbles some strange words.
The orc wizard seems to speed up.
An orc priest comes into view. It is wielding a mace.
You have got your breath back.
The orc wizard closely misses you.
An orc wizard comes into view. It is wielding a dagger.
The orc wizard points at you and mumbles some strange words.
The magic dart hits you!
* * * LOW HITPOINT WARNING * * *
The orc wizard casts a spell at you. The puff of flame hits you!
* * * LOW HITPOINT WARNING * * *
Your extra speed is starting to run out.
The orc wizard gestures at you while chanting.
The magic dart hits you!
You die...

.#.#..###... #.#......#...
..###.....# #.#...###.... ##.#..#
#.#..## #.#.# .##.#.#############
#.#..####.#.#
#.#.#.............###...........#
#o..############......>......#.#
##.............##............#..
#.o##########.##.####.#########
##.....o.o...o.@.......#
##.##########......###### #.##
#..##### .## #..# ## ####


You could see an orc priest, an orc wizard and an orc.

Vanquished Creatures
  An orc wizard (D:4)
  Jessica (D:3)
  7 adders
  2 gnolls (D:3)
  3 worms
  2 giant geckos
  An ooze (D:2)
  2 orcs (D:4)
  7 bats
  6 giant cockroaches
  3 hobgoblins
  4 kobolds (D:1)
  A quokka (D:2)
  A ball python (D:1)
  3 giant newts
  9 goblins
  4 rats
57 creatures vanquished.

Vanquished Creatures (others)
  A wizard (D:3)
1 creature vanquished.

Grand Total: 58 creatures vanquished

Notes
Turn   | Place    | Note
--------------------------------------------------------------
     0 | D:1      | Fiveotanaka, the Naga Fire Elementalist, began the quest for the Orb.
     0 | D:1      | Reached XP level 1. HP: 15/15 MP: 3/3
   147 | D:1      | Reached XP level 2. HP: 22/22 MP: 0/5
   213 | D:1      | Learned a level 2 spell: Throw Flame
   962 | D:2      | Reached XP level 3. HP: 3/28 MP: 1/6
  1277 | D:2      | Found a sparkling altar of Nemelex Xobeh.
  1708 | D:2      | Reached XP level 4. HP: 34/36 MP: 5/10
  1859 | D:2      | Reached skill level 4 in Stealth
  2242 | D:3      | Found a blossoming altar of Fedhas.
  2403 | D:3      | Found a bloodstained altar of Trog.
  2406 | D:3      | Noticed a wizard
  2411 | D:3      | Killed a wizard
  2544 | D:3      | Noticed Jessica
  2548 | D:3      | Killed Jessica
  2548 | D:3      | Reached XP level 5. HP: 42/42 MP: 8/11
  2577 | D:3      | Learned a level 3 spell: Conjure Flame
  2582 | D:3      | Learned a level 4 spell: Sticky Flame
  2961 | D:4      | Reached skill level 5 in Stealth
  3006 | D:4      | HP: 2/42 [orc wizard/puff of flame (7)]
  3007 | D:4      | Killed from afar by an orc wizard

Action                   |  1- 3 |  4- 6 || total
-------------------------+-------+-------++-------
Melee: Unarmed           |     5 |       ||     5
       Club              |    15 |     8 ||    23
 Cast: Flame Tongue      |    57 |    38 ||    95
       Throw Flame       |       |     8 ||     8
 Abil: Spit Poison       |     8 |    20 ||    28
  Use: Scroll            |       |     6 ||     6
       Potion            |       |     1 ||     1
  Eat: Chunk             |     3 |     5 ||     8
